 Dungeon Crawl Stone Soup version 0.26.0-16-gc1dbca0489 (webtiles) character file.

Game seed: 8490187762032686442

66911 Froggeryz the Brawler (level 15, -1/126 HPs)
             Began as a Ghoul Delver on Jan 18, 2021.
             Was the Champion of Qazlal.
             Killed from afar by an efreet (15 damage)
             ... with a fireball
             ... on level 11 of the Dungeon.
             The game lasted 00:26:41 (19615 turns).

Froggeryz the Brawler (Ghoul Delver)               Turns: 19615, Time: 00:26:41

Health: -1/126     AC: 23    Str: 24    XL:     15   Next: 21%
Magic:  29/29      EV:  7    Int: 13    God:    Qazlal [******]
Gold:   2092       SH: 13    Dex:  7    Spells: 14/14 levels left

rFire    . . .     SeeInvis +     - Unarmed
rCold    + . .     Faith    .   I - +0 buckler
rNeg     + + +     Spirit   .   T - +2 plate armour of Snakes and Ladders {rPois Will+ Int+3 Dex-4}
rPois    ∞         Reflect  .   P - +1 hat of the Cobbler {Slay+4}
rElec    +         Harm     .   d - +0 cloak
rCorr    .         Rampage  .   U - +0 pair of gloves {Str+3}
Will     ++++.                  R - +0 pair of boots
Stlth    ..........             A - amulet of regeneration
HPRegen  0.00/turn              G - ring of see invisible
MPRegen  0.21/turn              p - ring of False Pretenses {rElec Will++ MP+9 Int+4}

@: protected from physical damage, repel missiles
A: claws 1, cold resistance 1, negative energy resistance 3, inhibited
regeneration, torment resistance, unbreathing
a: Renounce Religion, Upheaval, Elemental Force, Disaster Area


You were on level 11 of the Dungeon.
You worshipped Qazlal.
Qazlal was exalted by your worship.
You visited 3 branches of the dungeon, and saw 19 of its levels.
You also visited: Bailey.

You collected 2125 gold pieces.
You spent 33 gold pieces at shops.

Inventory:

Missiles
 m - 3 throwing nets (quivered)
Armour
 d - a +0 cloak (worn)
 I - a +0 buckler (worn)
 P - the +1 hat of the Cobbler (worn) {Slay+4}
   (You found it on level 9 of the Dungeon)

   It affects your accuracy and damage with ranged weapons and melee attacks
   (+4).
 R - a +0 pair of boots (worn)
 T - the +2 plate armour of Snakes and Ladders (worn) {rPois Will+ Int+3 Dex-4}
   (You took it off an orc warrior on level 7 of the Dungeon)

   It affects your intelligence (+3).
   It affects your dexterity (-4).
   It protects you from poison.
   It affects your willpower, your defense against some magical effects.
 U - a +0 pair of gloves of strength (worn)
Jewellery
 g - the ring of Kepeg {+Blink rC+ Will+}
   (You found it on level 2 of the Lair of Beasts)

   [ring of willpower]

   It protects you from cold.
   It affects your willpower, your defense against some magical effects.
   It lets you blink.
 p - the ring of False Pretenses (right hand) {rElec Will++ MP+9 Int+4}
   (You found it on level 1 of the Lair of Beasts)

   [ring of magical power]

   It affects your intelligence (+4).
   It insulates you from electricity.
   It affects your willpower, your defense against some magical effects.
   It affects your magic capacity (+9).
 A - an amulet of regeneration (around neck)
 G - a ring of see invisible (left hand)
Wands
 f - a wand of digging (3)
 y - a wand of disintegration (11)
 C - a wand of acid (5)
 H - a wand of paralysis (3)
 J - a wand of enslavement (19)
Scrolls
 b - 2 scrolls of fog
 c - 2 scrolls of magic mapping
 h - 4 scrolls of identify
 j - 10 scrolls of teleportation
 n - 7 scrolls of remove curse
 q - 2 scrolls of blinking
 w - 6 scrolls of enchant armour
 x - 3 scrolls of immolation
 E - a scroll of torment
 K - a scroll of summoning
 O - 3 scrolls of noise
 S - 5 scrolls of acquirement
Potions
 a - 6 potions of haste
 i - a potion of ambrosia
 k - 5 potions of might
 l - 2 potions of heal wounds
 s - a potion of flight
 F - 7 potions of curing
Miscellaneous
 u - a condenser vane


   Skills:
 - Level 10.2 Fighting
 - Level 7.5 Armour
 - Level 1.7 Dodging
 - Level 5.4 Stealth
 + Level 9.3 Shields
 - Level 20.1 Unarmed Combat
 + Level 9.0 Invocations


You had 14 spell levels left.
You didn't know any spells.
Your spell library contained the following spells:

 Spells                   Type           Power        Failure   Level
 Corona                   Hex            0%           99%         1
 Foxfire                  Conj/Fire      0%           99%         1
 Shock                    Conj/Air       0%           99%         1
 Sting                    Tmut/Pois      0%           99%         1
 Ensorcelled Hibernation  Hex/Ice        0%           99%         2
 Poisonous Vapours        Pois/Air       0%           99%         2
 Swiftness                Air            0%           99%         2
 Confusing Touch          Hex            0%           100%        3
 Dazzling Flash           Conj/Hex       0%           100%        3
 Gell's Gravitas          Tloc           0%           100%        3
 Ignite Poison            Fire/Tmut/Pois 0%           100%        3
 Mephitic Cloud           Conj/Pois/Air  0%           100%        3
 Static Discharge         Conj/Air       0%           100%        3
 Tukima's Dance           Hex            0%           100%        3
 Airstrike                Air            0%           100%        4
 Olgreb's Toxic Radiance  Pois           0%           100%        4
 Petrify                  Tmut/Erth      0%           100%        4
 Sticky Flame             Conj/Fire      0%           100%        4
 Fireball                 Conj/Fire      0%           100%        5
 Irradiate                Conj/Tmut      0%           100%        5
 Lightning Bolt           Conj/Air       0%           100%        5
 Metabolic Englaciation   Hex/Ice        0%           100%        5
 Yara's Violent Unravell  Hex/Tmut       0%           100%        5
 Ignition                 Fire           0%           100%        8
 Hydra Form               Tmut           Unusable     N/A         6
 Statue Form              Tmut/Erth      Unusable     N/A         6
 Dragon Form              Tmut           Unusable     N/A         7

Dungeon Overview and Level Annotations

Branches:
Dungeon (12/15)            Temple (1/1) D:6            Lair (6/6) D:11
  Swamp (0/4) Lair:4        Snake (0/4) Lair:3        Slime (0/5) Lair:5
 Bailey (visited)
    Orc: D:9-12

Altars:
Ashenzari
Cheibriados
Dithmenos
Elyvilon
Fedhas
Gozag
Hepliaklqana
Kikubaaqudgha
Makhleb
Nemelex Xobeh
Qazlal
Sif Muna
Vehumet
Wu Jian
Yredelemnul
The Shining One
Beogh
Jiyva

Shops:
D:4 }   D:7 *


Innate Abilities, Weirdness & Mutations

You thrive by killing the living.
You are immune to poison.
You have sharp fingernails.
Your flesh is cold resistant. (rC+)
You are immune to negative energy. (rN+++)
You do not regenerate when monsters are visible.
You are immune to unholy pain and torment.
You can survive without breathing.


Message History

The harpy is severely wounded.
The harpy is engulfed in freezing vapours.
The harpy claws you.
* * * LOW HITPOINT WARNING * * *
Your resistance to fire fades away.
You feel protected from physical attacks.
You block the harpy's attack.
You punch the harpy!
You kill the harpy!
Qazlal accepts your kill. The efreet gestures at you.
The fireball explodes!
The fireball engulfs you!
* * * LOW HITPOINT WARNING * * *
The fireball engulfs the efreet.
The efreet completely resists.
You hear a sizzling sound! x2
You pummel the efreet!!
The efreet is severely wounded.
The efreet gestures at you.
The fireball explodes!
The fireball engulfs you!
You die...

#.........#######...
#...................
###.................
#.............####
#.............#...
#.............#...
#○............#...
#R........(...#...
#@............####
#.§##'#########...
#..#........#.####
#..#........#.....
#..#....#####.####
#..#..........###.
#..+....#####.#.##
##..##+###...#.....
#............#.#.##


You could see an efreet.

Vanquished Creatures
  Gastronok (Lair:3)
  An orc warlord (Bailey)
  A fire dragon (Lair:6)
  The ghost of RedRedRas the Arsonist, a journeyman DETm of Gozag (Lair:1)
  2 boulder beetles
  8 hydras
  A two-headed ogre (D:11)
  Urug (Lair:5)
  Nergalle (Lair:4)
  The ghost of waddelsworth the Geomancer, a novice GrEE of Vehumet (D:7)
  A harpy (shapeshifter) (D:11)
  A swamp dragon (Lair:6)
  A lindwurm (Lair:6)
  A cyclops (D:10)
  17 elephants
  Joseph (D:10)
  5 black mambas
  2 torpor snails
  2 gargoyles (D:11)
  A centaur skeleton (D:12)
  14 cane toads
  A kobold demonologist (D:10)
  8 rime drakes
  15 komodo dragons
  10 polar bears
  3 meliai (D:10)
  Prince Ribbit (D:7)
  12 blink frogs
  4 raiju (Lair:6)
  7 dream sheep
  A shadow (D:11)
  6 basilisks
  3 vampire mosquitoes (D:12)
  6 wyverns
  A steam dragon (D:8)
  40 yaks
  Eustachio (D:6)
  Menkaure (D:4)
  6 wargs (Lair:6)
  2 nagas (Lair:3)
  2 acid dragons (Lair:6)
  30 water moccasins
  11 hell hounds (Lair:6)
  14 black bears
  A swamp drake (Lair:6)
  3 ice beasts
  12 ogres
  2 sky beasts
  15 orc warriors
  5 centaurs
  23 wolves
  Blork the orc (D:6)
  16 bullfrogs
  13 big kobolds
  5 scorpions
  10 killer bees (D:10)
  10 wights
  3 howler monkeys (D:8)
  3 electric eels (Lair:4)
  2 jellies
  A quasit (D:11)
  2 centaur zombies
  7 orc priests
  A bullfrog zombie (D:10)
  6 hounds
  10 iguanas
  12 orc wizards
  Natasha (thrice) (D:4)
  11 worker ants
  A hound skeleton (D:10)
  A worker ant zombie (D:5)
  14 gnolls
  9 adders
  3 white imps
  An ufetubus (D:7)
  2 oozes
  An adder skeleton (D:5)
  2 adder zombies
  4 worms (D:2)
  3 dart slugs
  8 leopard geckos
  34 orcs
  8 bats
  3 giant cockroaches
  12 goblins
  5 hobgoblins
  2 jackals (D:4)
  7 quokkas
  A ball python (D:1)
  A frilled lizard (D:1)
  39 kobolds
  2 quokka skeletons
  5 rats
  3 butterflies (Lair:2)
597 creatures vanquished.

Vanquished Creatures (others)
  An adder (D:12)
  An orc (D:12)
  A bush (Lair:2)
  39 fungi
  67 plants
  4 toadstools (D:6)
113 creatures vanquished.

Grand Total: 710 creatures vanquished

Notes
Turn   | Place    | Note
-------+----------+-------------------------------------------
     0 | D:5      | Froggeryz the Ghoul Delver began the quest for the Orb.
     0 | D:5      | Reached XP level 1. HP: 19/19 MP: 0/0
     6 | D:5      | Noticed an ogre
     6 | D:5      | Noticed an orc priest
     7 | D:5      | Noticed an orc wizard
    85 | D:3      | Reached skill level 3 in Unarmed Combat
    85 | D:3      | Reached XP level 2. HP: 22/26 MP: 1/1
   499 | D:1      | Reached XP level 3. HP: 30/31 MP: 2/2
   531 | D:1      | Reached skill level 4 in Unarmed Combat
  1239 | D:2      | Reached XP level 4. HP: 38/38 MP: 3/3
  1512 | D:2      | Reached skill level 5 in Unarmed Combat
  2159 | D:2      | Reached XP level 5. HP: 38/45 MP: 4/4
  2758 | D:3      | Reached skill level 6 in Unarmed Combat
  2825 | D:4      | Found Zyoddol's Gadget Emporium.
  3458 | D:4      | Noticed Natasha
  3463 | D:4      | Killed Natasha
  3464 | D:4      | Reached XP level 6. HP: 51/51 MP: 5/5
  3487 | D:4      | Reached skill level 7 in Unarmed Combat
  3566 | D:4      | Noticed Natasha
  3573 | D:4      | Killed Natasha
  3750 | D:4      | Noticed Natasha
  3753 | D:4      | Killed Natasha
  3843 | D:4      | Noticed Menkaure
  3849 | D:4      | Killed Menkaure
  3850 | D:4      | Reached skill level 8 in Unarmed Combat
  3850 | D:4      | Reached XP level 7. HP: 9/57 MP: 6/6
  4694 | D:5      | Reached skill level 9 in Unarmed Combat
  5244 | D:5      | Reached XP level 8. HP: 45/63 MP: 7/7
  5382 | D:5      | Reached skill level 10 in Unarmed Combat
  5780 | D:6      | Found a staircase to the Ecumenical Temple.
  5794 | Temple   | Entered the Ecumenical Temple
  5824 | Temple   | Became a worshipper of Qazlal Stormbringer
  5865 | D:6      | Noticed Eustachio
  5872 | D:6      | Killed Eustachio
  5873 | D:6      | Reached skill level 11 in Unarmed Combat
  6308 | D:6      | Noticed Blork the orc
  6315 | D:6      | Killed Blork the orc
  6485 | D:7      | Reached skill level 12 in Unarmed Combat
  6485 | D:7      | Reached XP level 9. HP: 70/70 MP: 8/8
  6617 | D:7      | Found Custrac's General Store.
  6624 | D:7      | Bought a scroll of teleportation for 33 gold pieces
  6816 | D:7      | Found a runed translucent gate.
  6831 | D:7      | Reached skill level 1 in Shields
  6840 | D:7      | Found a runed translucent gate.
  6840 | D:7      | Found a runed translucent gate.
  6843 | D:7      | Noticed waddelsworth's ghost (novice GrEE)
  6846 | D:7      | Identified the cursed +1 flail "Son Fine" {drain, rN+ Will+
                  | Int+4 Dex+3}
  6846 | D:7      | Identified the +2 plate armour of Snakes and Ladders {rPois
                  | Will+ Int+3 Dex-4}
  6846 | D:7      | Found a roughly hewn altar of Beogh.
  6924 | D:7      | Noticed Prince Ribbit
  6937 | D:7      | Killed Prince Ribbit
  6937 | D:7      | Reached * piety under Qazlal
  7032 | D:7      | Reached skill level 13 in Unarmed Combat
  7352 | D:8      | HP: 2/70 [orc/+0 flail (3)]
  7965 | D:8      | Reached skill level 5 in Shields
  7965 | D:8      | Reached XP level 10. HP: 32/77 MP: 9/9
  8495 | D:8      | Reached skill level 1 in Armour
  8814 | D:9      | Reached ** piety under Qazlal
  8822 | D:9      | Got a heavily runed hat
  8828 | D:9      | Identified the +1 hat of the Cobbler {Slay+4} (You found it
                  | on level 9 of the Dungeon)
  9014 | D:9      | Found a broken altar of Ashenzari.
  9369 | D:10     | Entered Level 10 of the Dungeon
  9465 | D:10     | Reached skill level 14 in Unarmed Combat
  9611 | D:10     | Reached skill level 5 in Fighting
 10096 | D:10     | Noticed Joseph
 10113 | D:10     | Killed Joseph
 10113 | D:10     | Reached *** piety under Qazlal
 10201 | D:10     | Noticed a kobold demonologist
 10207 | D:10     | Reached XP level 11. HP: 87/88 MP: 10/10
 10234 | D:10     | Reached skill level 15 in Unarmed Combat
 10701 | D:11     | Identified the Tome of Flames
 10739 | D:11     | Noticed a seven-headed hydra
 10742 | D:11     | Noticed a cyclops
 10976 | D:10     | Killed a cyclops
 10977 | D:10     | Reached skill level 5 in Armour
 11018 | D:11     | Noticed a two-headed ogre
 11029 | D:11     | Reached **** piety under Qazlal
 11039 | D:11     | Killed a two-headed ogre
 11204 | D:11     | Found a staircase to the Lair.
 11247 | D:11     | Found a flagged portal.
 11260 | Bailey   | Entered a bailey
 11265 | Bailey   | Noticed an orc warlord
 11432 | Bailey   | Reached skill level 16 in Unarmed Combat
 11436 | Bailey   | Found a runed translucent gate.
 11436 | Bailey   | Found a runed translucent gate.
 11436 | Bailey   | Found a runed translucent gate.
 11512 | Bailey   | Killed an orc warlord
 11540 | Bailey   | Got a masterwork ring mail
 11543 | Bailey   | Identified the +1 ring mail "Litu" {rN+ rCorr} (You found
                  | it in a bailey)
 11621 | D:11     | Killed a seven-headed hydra
 11622 | D:11     | Reached XP level 12. HP: 100/100 MP: 11/11
 11706 | D:11     | Noticed a boulder beetle
 11716 | D:11     | Killed a boulder beetle
 12097 | Lair:1   | Entered Level 1 of the Lair of Beasts
 12332 | Lair:1   | Reached skill level 17 in Unarmed Combat
 12594 | D:11     | Reached ***** piety under Qazlal
 12910 | Lair:1   | Noticed RedRedRas's ghost (journeyman DETm)
 12912 | Lair:1   | Found a runed translucent gate.
 12912 | Lair:1   | Found a runed translucent gate.
 12913 | Lair:1   | Found a runed translucent gate.
 13070 | D:7      | Killed waddelsworth's ghost
 13569 | Lair:1   | Killed RedRedRas's ghost
 13570 | Lair:1   | Reached skill level 18 in Unarmed Combat
 13580 | Lair:1   | Got a coiled bone ring
 13696 | Lair:2   | Reached XP level 13. HP: 112/112 MP: 12/12
 13745 | Lair:2   | Reached skill level 10 in Fighting
 14150 | Lair:2   | Got a faintly glowing tin ring
 14430 | Lair:3   | Found a staircase to the Snake Pit.
 14583 | Lair:3   | Noticed Gastronok
 14601 | Lair:3   | Killed Gastronok
 14602 | Lair:3   | Reached skill level 19 in Unarmed Combat
 14609 | Lair:3   | Identified the ring of False Pretenses {rElec Will++ MP+9
                  | Int+4} (You found it on level 1 of the Lair of Beasts)
 14610 | Lair:3   | Identified the ring of Kepeg {+Blink rC+ Will+} (You found
                  | it on level 2 of the Lair of Beasts)
 15678 | Lair:4   | Noticed Nergalle
 15696 | Lair:4   | Killed Nergalle
 15772 | Lair:4   | Found a staircase to the Swamp.
 15916 | Lair:4   | Reached ****** piety under Qazlal
 16608 | Lair:5   | Reached XP level 14. HP: 105/121 MP: 13/13
 16716 | Lair:5   | Reached skill level 20 in Unarmed Combat
 16834 | Lair:5   | Reached skill level 1 in Invocations
 17001 | Lair:5   | Noticed Urug
 17012 | Lair:5   | Killed Urug
 17282 | Lair:5   | Found a staircase to the Slime Pits.
 17282 | Lair:5   | Found a viscous altar of Jiyva.
 17860 | Lair:6   | Entered Level 6 of the Lair of Beasts
 17909 | Lair:6   | Reached skill level 5 in Invocations
 18319 | Lair:6   | Identified 3 scrolls of acquirement
 18702 | Lair:6   | Reached XP level 15. HP: 26/126 MP: 19/19
 19615 | D:11     | Killed from afar by an efreet

Illustrated notes

Levels and vault maps discovered:
D:1:      nzn_arrival_depleted_hourglass, layout_basic
D:2:      layout_loops_ring, st_stairs_13, lexackson_kobold_supper
D:3:      layout_rooms, st_stairs_6
D:4:      layout_basic, serial_shops, nicolae_shop_waterfront,
          minmay_misc_feat_hallway, patterned_corridor, uniq_menkaure,
          uniq_natasha
D:5:      layout_rooms
D:6:      layout_rooms, minmay_temple_entry_stoned_glass, serial_bayou_ford_a,
          minmay_gold_behind_fungi, uniq_blork_the_orc, uniq_eustachio
D:7:      layout_cave_pools, serial_shops, nicolae_shop_trees,
          biasface_ghost_orc_armoury, uniq_prince_ribbit1
D:8:      layout_layer_cave
D:9:      layout_irregular_city, lemuel_coloured_pillars_altar
D:10:     layout_loops_ring, special_room [special_room_kobold], uniq_joseph
D:11:     layout_irregular_city, lair_entry_dummy, enter_bailey_5,
          grunt_decor_fettered, nicolae_wwwww
D:12:     minmay_the_grid_octo_triangle [minmay_the_grid_octo_shrine,
          minmay_the_grid_octo_prize_square_snowflake,
          minmay_the_grid_octo_fat_diamond], layout_long_grid, orc_david_3,
          portal_ice_cave_entry_ice_beasts, nicolae_ashenzari_panopticon
Temple:   nicolae_temple_the_god_donut
Lair:1:   layout_roguey, gammafunk_ghost_split, serial_bayou_shore_b,
          grunt_megastairs_5, serial_bayou_shore_b
Lair:2:   layout_misc_corridors, minmay_hedge_maze, minivault_26,
          lemuel_fruit_fields, lemuel_fruit_fields
Lair:3:   layout_layer_cave, guppyfry_snake_entry_island, minmay_holes,
          grunt_megastairs_3, uniq_gastronok
Lair:4:   layout_cellular_growth, minmay_swamp_entry_eels, serial_bayou_shore_a,
          serial_bayou_shore_b, infiniplex_staircase_pool, uniq_nergalle
Lair:5:   nzn_winding_woodlands_medium [nzn_winding_woodlands_5x5_checkerboard,
          nzn_winding_woodlands_5x15_jagged, nzn_winding_woodlands_5x5_three,
          nzn_winding_woodlands_5x5_closed_star,
          nzn_winding_woodlands_center_garden,
          nzn_winding_woodlands_5x5_perimeter, nzn_winding_woodlands_hourglass,
          nzn_winding_woodlands_5x15_sidewinder,
          nzn_winding_woodlands_5x5_cross], layout_gridlike, slime_altar_1,
          chequers_serial_rivers_micro_c, uniq_urug
Lair:6:   guppyfry_lair_end_dragon, layout_misc_corridors,
          hangedman_lair_caniforms_friends

Skill      XL: |  1  2  3  4  5  6  7  8  9 10 11 12 13 14 15 |
---------------+----------------------------------------------+-----
Unarmed Combat | 3 4 5 6 8 9 12 13 14 16 18 19 20 | 20.1
Shields        | 5 8 9 |  9.3
Armour         | 3 5 7 |  7.5
Fighting       | 5 7 9 10 | 10.2
Invocations    | 7 9 |  9.0
Dodging        | |  1.7
Stealth        | |  5.4

Action                   |  1- 3 |  4- 6 |  7- 9 | 10-12 | 13-15 || total
-------------------------+-------+-------+-------+-------+-------++-------
Melee: Unarmed           |    92 |   142 |   287 |   615 |   757 ||  1893
       Punch             |     1 |     4 |    19 |       |       ||    24
Throw: Dart              |       |     8 |       |       |       ||     8
Evoke: Wand              |       |       |       |    11 |       ||    11
  Use: Potion            |       |       |     5 |     4 |     1 ||    10
       Scroll            |       |       |     1 |    20 |    10 ||    31
 Stab: Sleeping          |     8 |     6 |     5 |       |       ||    19
       Distracted        |       |       |     1 |       |       ||     1
Armor: Ring mail         |    29 |    29 |    18 |       |       ||    76
       Leather armour    |     4 |       |       |       |       ||     4
       Scale mail        |       |       |    32 |   137 |   172 ||   341
       Plate armour      |       |       |       |       |    20 ||    20
Dodge: Dodged            |    61 |    78 |   121 |   225 |   189 ||   674
       Repelled          |       |       |       |     1 |     4 ||     5
Block: Buckler           |       |       |    12 |   284 |   419 ||   715
       Other             |       |       |     1 |       |       ||     1
